 Dungeon Crawl Stone Soup version 0.29-a0-887-gcbe080d7e0 (webtiles) character file.

Game seed: 10329288346846076905

18070 Mesmaeker13 the Fighter (level 12, -1/133 HPs)
             Began as an Ogre Summoner on July 21, 2022.
             Was a High Priest of Cheibriados.
             Slain by a death yak (22 damage)
             ... on level 11 of the Dungeon.
             The game lasted 00:38:14 (14750 turns).

Mesmaeker13 the Fighter (Ogre Summoner)            Turns: 14750, Time: 00:38:15

Health: -1/133     AC:  8    Str: 32    XL:     12   Next: 54%
Magic:  10/15      EV: 15    Int: 31    God:    Cheibriados [*****.]
Gold:   894        SH:  0    Dex: 20    Spells: 2/15 levels left

rFire   . . .      SeeInvis +   s - +4 trident of Irrepressible Laughter {elec, *Noise rElec Will++ SInv}
rCold   . . .      Faith    .   (no shield)
rNeg    . . .      Spirit   .   P - +0 troll leather armour
rPois   .          Reflect  .   I - +0 hat
rElec   +          Harm     .   H - +2 cloak {Stlth+}
rCorr   .          Rampage  .   (gloves unavailable)
Will    ++++.                   (boots unavailable)
Stlth   +++.......              (no amulet)
HPRegen 1.12/turn               v - +6 ring of strength
MPRegen 0.14/turn               j - ring of willpower

@: very slow
A: large, unfitting armour, tough skin 1
a: Renounce Religion, Bend Time, Temporal Distortion, Slouch, Step From Time


You were on level 11 of the Dungeon.
You worshipped Cheibriados.
Cheibriados was extremely pleased with you.
You visited 2 branches of the dungeon, and saw 12 of its levels.
You also visited: Bailey.

You collected 894 gold pieces.

Inventory:

Hand Weapons
 f - a +0 giant spiked club
 s - the +4 trident of Irrepressible Laughter (weapon) {elec, *Noise rElec Will++ SInv}
   (You found it on level 2 of the Dungeon)

   It occasionally discharges a powerful burst of electricity upon striking a
   foe.
   rElec:     It insulates you from electricity.
   SInv:      It lets you see invisible.
   *Noise:    It may make noises in combat.
   Will:      It greatly increases your willpower.
 y - a +0 flail of protection
 z - a +0 giant club
Missiles
 a - 4 large rocks
 E - 2 curare-tipped darts (quivered)
Armour
 i - a scarf of resistance
 H - a +2 cloak of stealth (worn)
 I - a +0 hat (worn)
 P - a +0 troll leather armour (worn)
 R - a +1 robe of the Archmagi
Magical Staves
 C - a staff of air
Jewellery
 j - a ring of willpower (right hand)
 v - a +6 ring of strength (left hand)
 Q - a ring of ice
Wands
 p - a wand of roots (9)
 r - a wand of acid (14)
 A - a wand of mindburst (10)
Scrolls
 g - a scroll of enchant armour
 l - 3 scrolls of fog
 n - 2 scrolls of poison {unknown}
 o - 2 scrolls of blinking
 t - 2 scrolls of immolation {unknown}
 u - 4 scrolls of noise
 G - 3 scrolls of enchant weapon
 K - 2 scrolls of fear
 L - 2 scrolls of teleportation
 M - a scroll of brand weapon {unknown}
Potions
 b - a potion of magic
 c - 2 potions of lignification
 d - 4 potions of flight
 h - 2 potions of brilliance {unknown}
 m - 2 potions of attraction
 q - a potion of ambrosia
 w - 2 potions of cancellation
 x - a potion of mutation {unknown}
 B - a potion of might {unknown}
 D - 3 potions of curing
 F - a potion of resistance
 J - 4 potions of heal wounds
 N - a potion of experience
Miscellaneous
 O - a phial of floods (inert)


   Skills:
 + Level 12.4 Fighting
 - Level 2.0 Maces & Flails
 + Level 2.4 Armour
 - Level 9.0 Dodging
 - Level 1.4 Stealth
 - Level 2.4 Spellcasting
 - Level 4.2 Hexes
 + Level 10.1 Summonings
 - Level 8.0 Air Magic
 + Level 2.5 Evocations


You had 2 spell levels left.
You knew the following spells:

 Your Spells              Type           Power      Damage    Failure   Level
a - Summon Small Mammal   Summ           100%       N/A       1%          1
b - Call Imp              Summ           61%        N/A       1%          2
c - Call Canine Familiar  Summ           61%        N/A       1%          3
d - Summon Lightning Spi  Summ/Air       56%        N/A       1%          4
e - Summon Guardian Gole  Hex/Summ       48%        N/A       1%          3

Your spell library contained the following spells:

 Spells                   Type           Power      Damage    Failure   Level
 Poisonous Vapours        Pois/Air       56%        N/A       2%          2
 Sting                    Tmut/Pois      12%        1d3       8%          1
 Corpse Rot               Necr/Pois/Air  20%        N/A       26%         4
 Olgreb's Toxic Radiance  Pois           3%         N/A       61%         4
 Borgnjor's Revivificati  Necr           1%         N/A       100%        8
 Necromutation            Tmut/Necr      1%         N/A       100%        8
 Death's Door             Necr           1%         N/A       100%        9


Dungeon Overview and Level Annotations

Branches:
Dungeon (11/15)            Temple (1/1) D:7          Bailey (visited)
   Lair: D:8-11         Orc: D:9-12

Altars:
Ashenzari
Cheibriados
Dithmenos
Elyvilon
Gozag
Hepliaklqana
Kikubaaqudgha
Nemelex Xobeh
Okawaru
Qazlal
Ru
Sif Muna
Trog
Uskayaw
Vehumet
Xom
Yredelemnul
Zin
The Shining One

Annotations:
D:3 1 runed translucent door, Crazy Yiuf
D:8 exclusion: door


Innate Abilities, Weirdness & Mutations

You are too large for most types of armour.
You have tough skin. (AC +1)


Message History

Cheibriados appreciates the change of pace.
The yak barely misses your lightning spire.
The yak gores your lightning spire! x2
The yak gores your lightning spire but does no damage.
You puncture the white ugly thing!
The white ugly thing is lightly wounded.
The white ugly thing completely misses you.
The yak gores your lightning spire. The yak gores your lightning spire!
Unknown command.
Your lightning spire shoots out a bolt of lightning at the yak!
The bolt of electricity hits the yak!!
The bolt of electricity hits the death yak!
The yak snorts and paws the ground.
The yak gores your lightning spire but does no damage.
The white ugly thing misses you. The yak gores your lightning spire!
Your lightning spire is destroyed!
Your lightning spire disappears in a puff of smoke!
A death yak comes into view.
The death yak bellows!
The white ugly thing attacks as you move away!
The white ugly thing closely misses you.
The white ugly thing trunk-slaps you. The white ugly thing freezes you!!
The yak closely misses you. The white ugly thing trunk-slaps you.
The white ugly thing freezes you!
The white ugly thing attacks as you move away!
The white ugly thing closely misses you.
The yak barely misses you. x2; The white ugly thing trunk-slaps you!
The white ugly thing freezes you!!
The white ugly thing attacks as you move away!
The white ugly thing trunk-slaps you!
* * * LOW HITPOINT WARNING * * *
The white ugly thing freezes you!
* * * LOW HITPOINT WARNING * * *
The yak snorts and paws the ground.
The yak closely misses you. The death yak gores you.
* * * LOW HITPOINT WARNING * * *
The yak closely misses you. The white ugly thing barely misses you.
There is a stone staircase leading up here.
The yak misses you. The yak barely misses you. The death yak gores you!!
You die...

#.# .....
#.###...
####.....$
#.......# ...
#.......##....
#...Y..)......
#.Y.....#.....
#YY.....#.....
#@Y...........
#.u..†.......
##########...
... ..


You could see 2 death yaks, a white ugly thing and 3 yaks.

Vanquished Creatures
  Josephine (D:11)
  A two-headed ogre (D:11)
  A death yak (D:10)
  2 orc high priests (Bailey)
  A nameless horror (D:5)
  3 trolls
  Prince Ribbit (D:6)
  A hornet (D:8)
  A wraith (D:11)
  A wyvern (D:10)
  15 yaks
  2 humans (D:10)
  A steam dragon (D:6)
  A vampire mosquito (D:11)
  A water moccasin (D:6)
  2 black bears
  An ice beast (D:8)
  4 orc warriors
  An ogre (D:5)
  5 centaurs (D:11)
  A phantom (D:5)
  2 kobold brigands (D:8)
  A bullfrog (D:8)
  3 gnoll sergeants
  2 scorpions (D:7)
  3 killer bees
  3 howler monkeys
  6 electric eels (Bailey)
  A jelly (D:7)
  2 orc priests
  3 iguanas
  9 orc wizards
  Natasha (twice) (D:3)
  Terence (D:3)
  10 gnolls
  6 adders
  A shadow imp (D:8)
  2 white imps (D:7)
  An ufetubus (D:5)
  3 worms
  2 dart slugs
  13 orcs
  5 ball pythons
  5 bats
  5 endoplasms
  3 giant cockroaches
  10 hobgoblins
  6 jackals
  6 kobolds
  2 quokkas (D:2)
  3 frilled lizards
  12 goblins
  4 rats
184 creatures vanquished.

Vanquished Creatures (collateral kills)
  Gastronok (D:9)
  A two-headed ogre (D:9)
  A cyclops (D:11)
  A gargoyle (D:11)
  A troll (D:10)
  A shadow (D:9)
  Eustachio (D:6)
  A wraith (D:11)
  9 yaks
  A wyvern (D:9)
  A steam dragon (D:9)
  4 vampire mosquitoes
  An ogre (D:5)
  11 orc warriors
  An ice beast (D:5)
  A sky beast (D:8)
  A phantom (D:7)
  A centaur (D:10)
  A necrophage (D:5)
  3 wights (D:10)
  8 killer bees
  A howler monkey (D:5)
  A hound (D:6)
  A gnoll bouda (D:6)
  Natasha (D:3)
  An iguana (D:4)
  5 orc wizards
  Robin (D:2)
  7 gnolls
  7 adders
  A shadow imp (D:7)
  2 worms (D:2)
  A dart slug (D:2)
  19 orcs
  2 ball pythons (D:2)
  6 bats
  9 endoplasms
  2 giant cockroaches (D:1)
  15 goblins
  5 hobgoblins
  3 jackals (D:1)
  11 kobolds
  A quokka (D:2)
  A frilled lizard (D:2)
154 creatures vanquished.

Vanquished Creatures (others)
  Maggie (D:9)
  2 wraiths (D:11)
  3 yaks (D:9)
  6 fungi (D:10)
  21 plants (D:10)
33 creatures vanquished.

Grand Total: 371 creatures vanquished

Notes
Turn   | Place    | Note
-------+----------+-------------------------------------------
     0 | D:1      | Mesmaeker13 the Ogre Summoner began the quest for the Orb.
     0 | D:1      | Reached XP level 1. HP: 16/16 MP: 3/3
   222 | D:1      | Reached XP level 2. HP: 24/24 MP: 3/5
   671 | D:1      | Found a faded altar of an unknown god.
   790 | D:1      | Reached XP level 3. HP: 27/31 MP: 3/6
   951 | D:1      | Reached skill level 1 in Maces & Flails
  1345 | D:2      | Reached XP level 4. HP: 14/39 MP: 5/7
  1349 | D:2      | Learned a level 2 spell: Call Imp
  1755 | D:2      | Noticed Robin
  1789 | D:2      | Killed Robin
  2313 | D:2      | Reached XP level 5. HP: 45/45 MP: 5/8
  2798 | D:2      | Identified the +4 trident of Irrepressible Laughter {elec,
                  | *Noise rElec Will++ SInv}
  3215 | D:2      | Learned a level 3 spell: Call Canine Familiar
  3219 | D:3      | Found a sacrificial altar of Ru.
  3228 | D:3      | Noticed Natasha
  3230 | D:3      | Killed Natasha
  3287 | D:3      | Reached skill level 1 in Fighting
  3310 | D:3      | Noticed Natasha
  3319 | D:3      | Killed Natasha
  3536 | D:3      | Noticed Natasha
  3548 | D:3      | Killed Natasha
  3549 | D:3      | Reached skill level 2 in Fighting
  3549 | D:3      | Reached XP level 6. HP: 57/57 MP: 4/9
  3819 | D:3      | Found a runed translucent door.
  3820 | D:3      | Noticed Crazy Yiuf
  3936 | D:3      | Noticed Terence
  3948 | D:3      | Killed Terence
  4643 | D:4      | Reached skill level 5 in Summonings
  4803 | D:4      | Reached skill level 3 in Fighting
  5027 | D:4      | Reached XP level 7. HP: 67/67 MP: 7/10
  5269 | D:5      | Entered Level 5 of the Dungeon
  5381 | D:5      | Reached skill level 4 in Fighting
  5537 | D:5      | Learned a level 4 spell: Summon Lightning Spire
  5620 | D:5      | Reached skill level 5 in Fighting
  5620 | D:5      | Reached XP level 8. HP: 65/80 MP: 6/11
  5621 | D:5      | Reached skill level 5 in Dodging
  5621 | D:5      | Reached skill level 1 in Air Magic
  5857 | D:5      | Noticed a nameless horror
  5865 | D:5      | Killed a nameless horror
  6228 | D:6      | Noticed Prince Ribbit
  6235 | D:6      | Killed Prince Ribbit
  6236 | D:6      | Reached skill level 6 in Fighting
  6289 | D:6      | Noticed Eustachio
  6673 | D:5      | Reached XP level 9. HP: 89/92 MP: 4/12
  6958 | D:6      | Reached skill level 7 in Fighting
  7150 | D:7      | Noticed a +0 dagger
  7150 | D:7      | Noticed a +0 short sword
  7151 | D:7      | Noticed a +0 falchion
  7151 | D:7      | Noticed a +0 dagger
  7151 | D:7      | Noticed a +0 spear
  7151 | D:7      | Noticed a +0 spear
  7151 | D:7      | Noticed a +0 short sword
  7153 | D:7      | Found a hide-covered altar of Uskayaw.
  7153 | D:7      | Noticed a +0 falchion
  8337 | D:6      | Killed Eustachio
  8812 | D:7      | Reached skill level 8 in Fighting
  9054 | D:7      | Found a staircase to the Ecumenical Temple.
  9060 | Temple   | Entered the Ecumenical Temple
  9148 | Temple   | Became a worshipper of Cheibriados the Contemplative
  9432 | D:8      | Noticed a hornet
  9472 | D:8      | Killed a hornet
  9647 | D:8      | Found an opulent altar of Gozag.
  9694 | D:8      | Reached * piety under Cheibriados
  9695 | D:8      | Reached XP level 10. HP: 64/106 MP: 6/13
  9736 | D:8      | Reached skill level 5 in Air Magic
 10203 | D:8      | Reached skill level 9 in Fighting
 10798 | D:9      | Killed Maggie
 10914 | D:9      | Noticed a two-headed ogre
 10934 | D:9      | Killed a two-headed ogre
 11047 | D:9      | Reached ** piety under Cheibriados
 11101 | D:9      | Noticed Gastronok
 11107 | D:9      | Learned a level 3 spell: Summon Guardian Golem
 11123 | D:9      | Killed Gastronok
 11124 | D:9      | Reached skill level 10 in Fighting
 11124 | D:9      | Reached skill level 1 in Hexes
 11339 | D:9      | Reached XP level 11. HP: 118/118 MP: 1/14
 12076 | D:10     | Entered Level 10 of the Dungeon
 12089 | D:10     | Found a flagged portal.
 12099 | D:10     | Reached skill level 11 in Fighting
 12166 | Bailey   | Entered a bailey
 12362 | Bailey   | Reached *** piety under Cheibriados
 12952 | Bailey   | Noticed an orc high priest
 13022 | Bailey   | Found an iron altar of Okawaru.
 13024 | Bailey   | Noticed an orc high priest
 13032 | Bailey   | Killed an orc high priest
 13097 | Bailey   | Killed an orc high priest
 13105 | Bailey   | Identified the +1 ring mail "Laelupp" {Dex+3}
 13329 | D:10     | Found an iron altar of Okawaru.
 13340 | D:10     | Reached **** piety under Cheibriados
 13485 | D:10     | Reached XP level 12. HP: 105/131 MP: 9/15
 13782 | D:10     | Reached skill level 1 in Evocations
 13939 | D:10     | Found a radiant altar of Vehumet.
 14024 | D:11     | Reached skill level 1 in Armour
 14162 | D:11     | Noticed Josephine
 14165 | D:11     | Reached skill level 12 in Fighting
 14178 | D:11     | Killed Josephine
 14178 | D:11     | Reached ***** piety under Cheibriados
 14522 | D:11     | Noticed a two-headed ogre
 14524 | D:11     | Noticed a two-headed ogre
 14657 | D:11     | Noticed a death yak
 14658 | D:11     | Noticed a death yak
 14680 | D:10     | Killed a death yak
 14681 | D:10     | Reached skill level 10 in Summonings
 14743 | D:11     | Killed a two-headed ogre
 14745 | D:11     | Noticed a death yak
 14750 | D:11     | Slain by a death yak

Illustrated notes

Levels and vault maps discovered:
D:1:      dpeg_arrival_windows_large_door, layout_rooms,
          hellmonk_ecumenical_altar_lost_god, dk_noncrumbling_4
D:2:      minmay_inner_zag, layout_basic, minmay_joined_circles, uniq_robin
D:3:      layout_basic, lemuel_crystal_altar, minmay_misc_feat_tower,
          uniq_terence, uniq_natasha, uniq_crazy_yiuf_cottage
D:4:      layout_basic
D:5:      layout_rooms
D:6:      layout_basic, uniq_prince_ribbit1, uniq_eustachio
D:7:      layout_basic, nicolae_uskayaw_en_pointe,
          minmay_temple_entry_enclosed_plants, due_unseen_surprise
D:8:      layout_loops_ring, mainiacjoe_overflow_small_starburst, st_stairs_2,
          grunt_ministairs_9, hellmonk_guarded_unrand_staff_of_battle
D:9:      layout_loops_ring, lemuel_flamethrower_2, uniq_maggie, uniq_gastronok
D:10:     layout_rooms, mainiacjoe_overflow_chevrons, okawaru_humans,
          enter_bailey_5, serial_bayou_pond_c, kennysheep_generic_room_5
D:11:     layout_rooms, dpeg_lair_monsters, uniq_josephine
Temple:   minmay_crystal_spiral_temple

Skill      XL: |  1  2  3  4  5  6  7  8  9 10 11 12 |
---------------+-------------------------------------+-----
Dodging        | 2 3 4 5 6 8 9 |  9.0
Summonings     | 4 5 6 7 8 9 10 | 10.1
Maces & Flails | 1 2 |  2.0
Fighting       | 2 3 5 6 8 10 11 12 | 12.4
Air Magic      | 3 4 6 7 8 |  8.0
Hexes          | 1 4 |  4.2
Evocations     | 2 |  2.5
Armour         | 2 |  2.4
Stealth        | |  1.4
Spellcasting   | |  2.4

Action                   |  1- 3 |  4- 6 |  7- 9 | 10-12 || total
-------------------------+-------+-------+-------+-------++-------
Melee: Unarmed           |     7 |       |       |       ||     7
       Club              |    30 |       |       |       ||    30
       War axe           |    40 |    18 |       |       ||    58
       Punch             |     2 |     2 |     1 |     2 ||     7
       Trident           |       |   165 |   183 |   241 ||   589
Throw: Dart              |       |       |     5 |     1 ||     6
       Throwing net      |       |       |     1 |       ||     1
 Cast: Summon Small Mamm |    33 |     7 |       |       ||    40
       Call Imp          |       |    21 |    16 |     1 ||    38
       Call Canine Famil |       |    10 |    36 |    26 ||    72
       Summon Lightning  |       |       |    13 |    44 ||    57
       Summon Guardian G |       |       |       |     4 ||     4
Invok: Bend Time         |       |       |       |     1 ||     1
Evoke: Wand              |       |       |     3 |    10 ||    13
       Phial of floods   |       |       |       |     1 ||     1
  Use: Scroll            |     1 |     2 |     9 |     8 ||    20
       Potion            |       |       |     5 |       ||     5
 Stab: Sleeping          |       |     4 |     1 |     3 ||     8
       Distracted        |       |       |     4 |     4 ||     8
Armor: Robe              |    45 |    50 |    37 |    37 ||   169
       Troll leather arm |       |       |       |    28 ||    28
Dodge: Dodged            |    74 |    80 |    92 |   210 ||   456

Table legend: (Time is in decaauts)
 A = Elapsed time spent in this place.
 B = Non-inter-level travel time spent in this place.
 C = Inter-level travel time spent in this place.
 D = Time resting spent in this place.
 E = Time spent auto-exploring this place.
 F = Levels seen in this place.
 G = Mean time per level.
                   A        B        C        D        E       F      G
               +--------+--------+--------+--------+--------+-----+--------+
         Total |  16497 |  15774 |    723 |   3961 |   6671 |  13 | 1269.0 |
       Dungeon |  15013 |  14377 |    636 |   3378 |   6577 |  11 | 1364.8 |
        Temple |    198 |    112 |     86 |      0 |     94 |   1 |  198.0 |
        Bailey |   1285 |   1285 |      0 |    583 |      0 |   1 | 1285.0 |
               +--------+--------+--------+--------+--------+-----+--------+

Top non-repeatable levels by time:
     D:2: 2100 daAuts
     D:8: 1678 daAuts
     D:9: 1644 daAuts
     D:7: 1605 daAuts
    D:10: 1469 daAuts
     D:5: 1455 daAuts
  Bailey: 1285 daAuts
     D:1: 1175 daAuts
     D:3: 1169 daAuts
     D:6: 990 daAuts
     D:4: 914 daAuts
    D:11: 809 daAuts
  Temple: 198 daAuts
